[Event "*** Titled Tuesday Blitz"]
[Site "Chess.com"]
[Date "2021.03.30"]
[Round "3"]
[White "KroshkaKami"]
[Black "Terao90"]
[Result "0-1"]
[WhiteElo "2352"]
[BlackElo "2549"]
[TimeControl "180+1"]
[EndTime "10:25:31 PDT"]
[Termination "Terao90 won by resignation"]

1. e4 c5 2. Nf3 Nc6 3. Bb5 e6 4. c3 Nge7 5. O-O d5 6. exd5 Qxd5 7. d4 cxd4 8. Nxd4 Bd7 9. Be2 Nxd4 10. cxd4 Bc6 11. Bf3 Qd7 12. Be3 Nd5 13. Nc3 Be7 14.
Qe2 O-O 15. Rac1 Rac8 16. Rfd1 Rfd8 17. Ne4 b6 18. g3 Bb5 19. Qe1 Nf6 20. Nc3 Bc6 21.
Qe2 Bb4 22. Bg5 Be7 23. h4 h6 24. Bf4 Nd5 25. Be5 Bf8 26. h5 Qb7 27. Be4 Nxc3 0-1

[Event "*** Titled Tuesday Blitz"]
[Site "Chess.com"]
[Date "2021.03.30"]
[Round "3"]
[White "rugbyclub"]
[Black "FGHSMN"]
[Result "0-1"]
[WhiteElo "2268"]
[BlackElo "2665"]
[TimeControl "180+1"]
[EndTime "10:25:32 PDT"]
[Termination "FGHSMN won by resignation"]

1. c4 Nf6 2. Nc3 c5 3. g3 Nc6 4. Bg2 g6 5. e4 Bg7 6. Nge2 O-O 7. O-O d6 8. d3 Bd7 9. h3 a6 10. Be3 Rb8 11. a4 e5 12. f4 exf4 13. gxf4 Nh5 14. Rb1 Nd4 15. f5 b5 16. axb5 axb5 17. cxb5 Bxb5 18. Bxd4 cxd4 19. Nd5 Bc6 20. Bf3 Bxd5 21.
Bxh5 Bb3 22. Qe1 gxh5 23. Qg3 Kh8 24. Nf4 Be5 0-1

[Event "*** Titled Tuesday Blitz"]
[Site "Chess.com"]
[Date "2021.03.30"]
[Round "3"]
[White "bazar-wokzal"]
[Black "Cocaino74"]
[Result "1-0"]
[WhiteElo "2573"]
[BlackElo "2256"]
[TimeControl "180+1"]
[EndTime "10:25:32 PDT"]
[Termination "bazar-wokzal won by checkmate"]

1. e4 c5 2. c3 Nf6 3. e5 Nd5 4. d4 cxd4 5. cxd4 d6 6. Bc4 Nb6 7. Bb3 dxe5 8. Qh5 e6 9. dxe5 Bb4+ 10. Nc3 g6 11. Qg5 Nc6 12. Qxd8+ Nxd8 13. Nf3 Bd7 14. Bg5 h6 15. Bf6 O-O 16. Nd4 Nc6 17. O-O-O Rac8 18. Kb1 Nxd4 19. Rxd4 Bxc3 20. bxc3 Rxc3 21. Rh4 Kh7 22.
Rd1 Bc6 23. Rdd4 Nd7 24. Rxh6+ Kxh6 25. Rh4# 1-0

[Event "*** Titled Tuesday Blitz"]
[Site "Chess.com"]
[Date "2021.03.30"]
[Round "3"]
[White "besarquis"]
[Black "tgpgoat"]
[Result "1-0"]
[WhiteElo "2256"]
[BlackElo "2388"]
[TimeControl "180+1"]
[EndTime "10:25:36 PDT"]
[Termination "besarquis won by resignation"]

1. e4 c5 2. Nf3 Nc6 3. Bb5 g6 4. Bxc6 dxc6 5. O-O Bg7 6. d3 e5 7. Nc3 Ne7 8. Be3 b6 9. Qd2 O-O 10. Bh6 f5 11. Bxg7 Kxg7 12. Nxe5 Qc7 13. f4 Be6 14. b3 Rad8 15. Qe2 Qd6 16. Qe3 Ng8 17.
Rae1 Nf6 18. Kh1 Bc8 19. Nxg6 hxg6 20. e5 Qd4 21. exf6+ Qxf6 22. Qe7+ Rf7 23. Qxf6+ Kxf6 24. Re2 Be6 25. a4 Bd5 26. Kg1 Rg8 27. Rfe1 g5 28.
Nxd5+ cxd5 29. Re6+ Kg7 30. fxg5 Rd8 31. h4 f4 32. Kf2 c4 33. h5 cxb3 34. cxb3 Rf5 35. h6+ Kh7 36. R1e5 Rdf8 37. Re7+ Kg6 38. Rg7+ Kh5 39.
Rxf5 Rxf5 40. h7 1-0

[Event "*** Titled Tuesday Blitz"]
[Site "Chess.com"]
[Date "2021.03.30"]
[Round "3"]
[White "kidagent"]
[Black "dcremisi"]
[Result "0-1"]
[WhiteElo "2314"]
[BlackElo "2532"]
[TimeControl "180+1"]
[EndTime "10:25:37 PDT"]
[Termination "dcremisi won by resignation"]

1. e4 e6 2. d4 d5 3. Nd2 a6 4. e5 Bd7 5. f4 Bb5 6. Bxb5+ axb5 7. Ngf3 Ne7 8. O-O Nf5 9. Nb3 Nd7 10. c3 c5 11. a3 c4 12. Nbd2 Ne3 13. Qe2 Nxf1 14. Nxf1 g6 15. f5 gxf5 16. Bf4 Rg8 17. Ng3 b4 18.
cxb4 Bxb4 19. Rf1 Be7 20. Ne1 Qb6 21. Be3 Bg5 22. Rf2 c3 23. bxc3 Rxa3 24. Bxg5 Rxg5 25.
Rf3 Qb1 26. Kf2 Ra2 0-1

[Event "*** Titled Tuesday Blitz"]
[Site "Chess.com"]
[Date "2021.03.30"]
[Round "3"]
[White "MalyDominator"]
[Black "Eliwood44"]
[Result "1-0"]
[WhiteElo "2492"]
[BlackElo "2500"]
[TimeControl "180+1"]
[EndTime "10:25:43 PDT"]
[Termination "MalyDominator won by resignation"]

1. e4 e5 2. Nf3 Nc6 3. Bb5 a6 4. Ba4 d6 5. O-O Bd7 6. c3 g6 7. d4 Bg7 8. d5 Nce7 9. Bxd7+ Qxd7 10. c4 h6 11. Nc3 f5 12. exf5 gxf5 13. Ne1 Nf6 14. f4 O-O 15. h3 b5 16. b3 bxc4 17.
bxc4 exf4 18. Bxf4 Ne4 19. Nxe4 fxe4 20. Rb1 Ng6 21. Be3 Rxf1+ 22. Kxf1 Rf8+ 23. Kg1 Ne5 24. Qc2 Qf5 25. Qe2 Nf3+ 26. Kh1 Nd4 27. Bxd4 Bxd4 28. Nc2 Be5 29. Ne3 Qf4 30. Ng4 Qxg4 31. Qxg4+ 1-0

[Event "*** Titled Tuesday Blitz"]
[Site "Chess.com"]
[Date "2021.03.30"]
[Round "3"]
[White "deribas12345"]
[Black "SHIVACalypso"]
[Result "1-0"]
[WhiteElo "2593"]
[BlackElo "2397"]
[TimeControl "180+1"]
[EndTime "10:25:44 PDT"]
[Termination "deribas12345 won by resignation"]

1. d4 e6 2. c4 Nf6 3. Nc3 Bb4 4. f3 c5 5. a3 Bxc3+ 6. bxc3 d6 7. e4 Nc6 8. Be3 cxd4 9. cxd4 Qa5+ 10. Qd2 Qxd2+ 11.
Kxd2 Bd7 12. Nh3 Ke7 13. Bd3 Rac8 14. Rab1 Na5 15. Rhc1 b6 16. e5 Ne8 17. c5 dxc5 18. dxc5 Ba4 19. cxb6 Rxc1 20. Kxc1 a6 21. b7 1-0

[Event "*** Titled Tuesday Blitz"]
[Site "Chess.com"]
[Date "2021.03.30"]
[Round "3"]
[White "BahadirOzen"]
[Black "Mr_Sinigami"]
[Result "1-0"]
[WhiteElo "2774"]
[BlackElo "2533"]
[TimeControl "180+1"]
[EndTime "10:25:46 PDT"]
[Termination "BahadirOzen won on time"]

1. g3 d5 2. Nf3 Nf6 3. Bg2 Bf5 4. c4 e6 5. O-O c6 6. cxd5 exd5 7. d3 Be7 8. Qb3 Qb6 9. Qc2 O-O 10. Nc3 h6 11. e4 Bh7 12. Be3 Qa6 13. Rfe1 Nbd7 14. exd5 cxd5 15. Bxh6 Bd6 16. Be3 1-0

[Event "*** Titled Tuesday Blitz"]
[Site "Chess.com"]
[Date "2021.03.30"]
[Round "3"]
[White "DanielNaroditsky"]
[Black "abykhovsky"]
[Result "1-0"]
[WhiteElo "3036"]
[BlackElo "2717"]
[TimeControl "180+1"]
[EndTime "10:25:47 PDT"]
[Termination "DanielNaroditsky won by resignation"]

1. d4 Nf6 2. Nc3 g6 3. e4 d6 4. f4 Bg7 5. Bd3 O-O 6. Nf3 Nc6 7. e5 dxe5 8. fxe5 Nd5 9. Nxd5 Qxd5 10. c3 f6 11. exf6 exf6 12. O-O Be6 13. Bf4 Qd7 14. Nd2 Ne7 15. Re1 Nd5 16. Bg3 Rfe8 17. Ne4 b6 18. Qf3 h6 19. Nf2 Bf7 20. Ng4 h5 21. Nf2 Rxe1+ 22. Rxe1 Re8 23. Rxe8+ Qxe8 24. Ne4 Qe7 25. h4 Kh8 26. a3 f5 27. Ng5 Bg8 28. Bxf5 Qe8 29.
Be4 Nf6 30. Bxc7 Ng4 31. Qf4 Bf6 32. Nf3 Qb5 33. Be5 Bxe5 34. Nxe5 1-0

[Event "*** Titled Tuesday Blitz"]
[Site "Chess.com"]
[Date "2021.03.30"]
[Round "3"]
[White "ChelsieMonica"]
[Black "ErikBlomqvist"]
[Result "0-1"]
[WhiteElo "2382"]
[BlackElo "2612"]
[TimeControl "180+1"]
[EndTime "10:25:48 PDT"]
[Termination "ErikBlomqvist won by resignation"]

1. c4 c5 2. Nf3 Nf6 3. g3 b6 4. Bg2 Bb7 5. O-O e6 6. Nc3 Be7 7. d4 cxd4 8. Nxd4 Bxg2 9. Kxg2 Qc8 10. b3 Nc6 11. Ncb5 O-O 12. Bb2 Rd8 13. Rc1 Qb7 14. f3 Rac8 15. e3 a6 16. Nc3 Nxd4 17.
exd4 d5 18. cxd5 Nxd5 19. Nxd5 Qxd5 20. Qe2 b5 21. Qe4 Qd7 22. Rfd1 Bf6 23. d5 Bxb2 24. dxe6 Qxe6 0-1

[Event "*** Titled Tuesday Blitz"]
[Site "Chess.com"]
[Date "2021.03.30"]
[Round "3"]
[White "Rakesh"]
[Black "tptagain"]
[Result "0-1"]
[WhiteElo "2474"]
[BlackElo "2815"]
[TimeControl "180+1"]
[EndTime "10:25:49 PDT"]
[Termination "tptagain won by resignation"]

1. e4 c5 2. c3 Nf6 3. e5 Nd5 4.
d4 cxd4 5. Nf3 d6 6. cxd4 Nc6 7.
Bc4 Nb6 8. Bb3 d5 9. O-O Bg4 10. Be3 e6 11. h3 Bh5 12. Nc3 Be7 13. g4 Bg6 14. Qe2 h5 15. g5 h4 16. Bc2 Bh5 17. Kg2 Nc4 18. b3 Nxe3+ 19. Qxe3 Bxf3+ 20. Kxf3 Bxg5 21. Qd3 Rc8 22. a3 a6 23. Rg1 Bh6 24.
b4 Qb6 25. Ba4 Ke7 26. Ne2 Rc7 27. Rg4 Rhc8 28. Rxh4 Na7 29. Rg1 Nb5 30. Rxh6 gxh6 31. Rg7 Rc3 32. Nxc3 Rxc3 33. Bxb5 Rxd3+ 34. Bxd3 Qxd4 35. Bg6 Qxe5 36. Rxf7+ Kd6 37. Kg2 Qg5+ 0-1

[Event "*** Titled Tuesday Blitz"]
[Site "Chess.com"]
[Date "2021.03.30"]
[Round "3"]
[White "SmallTurtleDuck"]
[Black "Stormeman100100"]
[Result "1-0"]
[WhiteElo "2333"]
[BlackElo "2515"]
[TimeControl "180+1"]
[EndTime "10:25:49 PDT"]
[Termination "SmallTurtleDuck won by resignation"]

1. d4 Nf6 2. Nd2 d5 3. Ngf3 c5 4. e3 Nc6 5. c4 cxd4 6. exd4 Bg4 7. Qb3 e6 8. cxd5 Nxd5 9. Bc4 Nb6 10. Bb5 Be7 11. Ne5 O-O 12. Bxc6 Qxd4 13. Nxg4 bxc6 14. Ne3 Nd5 15. Nxd5 cxd5 16. Nf3 Qe4+ 17. Qe3 Qc4 18. Qe2 Qc6 19. O-O Rfc8 20. Bf4 Bf6 21. Be5 Be7 22.
Bc3 Qa4 23. Rfd1 Bf8 24. a3 Rab8 25. Rd4 Qc6 26. Rg4 f6 27. Bxf6 Kf7 28. Ne5+ 1-0

[Event "*** Titled Tuesday Blitz"]
[Site "Chess.com"]
[Date "2021.03.30"]
[Round "3"]
[White "MustafayevFarid2004"]
[Black "northridgehawk"]
[Result "1-0"]
[WhiteElo "2521"]
[BlackElo "2304"]
[TimeControl "180+1"]
[EndTime "10:26:03 PDT"]
[Termination "MustafayevFarid2004 won by resignation"]

1. d4 Nf6 2. c4 g6 3. Nc3 d5 4.
cxd5 Nxd5 5. e4 Nxc3 6. bxc3 Bg7 7. Nf3 c5 8. Rb1 O-O 9. Be2 Nd7 10. O-O b6 11. Bb2 Bb7 12. d5 Qc7 13. c4 f5 14.
Bxg7 Kxg7 15. Ng5 Qd6 16. Ne6+ Kg8 17. Nxf8 Rxf8 18. exf5 Rxf5 19. Bg4 Rf6 20. Bxd7 Qxd7 21. Qe2 e6 22. Qe5 Qf7 23. d6 Rf5 24. Qg3 Qd7 25.
Rbd1 Kf7 26. Rfe1 h5 27. Qa3 a6 28. Qb2 Qc6 29. f3 Bc8 30. Qh8 Bd7 31. Qh7+ Kf8 32.
Qe7+ Kg8 33. Rxe6 Rf7 34. Qd8+ Kg7 35. Re7 Rxe7 36. dxe7 Be8 37. Rd6 Qa4 38. Rd2 b5 39.
Qxe8 Qb4 40. Qf8+ Kh7 41. Qf7+ Kh6 42. Qf4+ 1-0

[Event "*** Titled Tuesday Blitz"]
[Site "Chess.com"]
[Date "2021.03.30"]
[Round "3"]
[White "FontVella8"]
[Black "bocah_sakit"]
[Result "0-1"]
[WhiteElo "2475"]
[BlackElo "2842"]
[TimeControl "180+1"]
[EndTime "10:26:04 PDT"]
[Termination "bocah_sakit won by resignation"]

1. d4 Nf6 2. Nf3 g6 3. g3 Bg7 4. Bg2 O-O 5. O-O d6 6. c4 Nc6 7.
Nc3 e5 8. d5 Nb8 9. e4 a5 10.
h3 Na6 11. Be3 Nd7 12. a3 f5 13. exf5 gxf5 14. Ng5 Ndc5 15. Bxc5 Nxc5 16. Ne6 Bxe6 17. dxe6 c6 18. b4 axb4 19. axb4 Rxa1 20. Qxa1 Nxe6 21.
b5 e4 22. Qa3 Nc5 23. bxc6 bxc6 24. Rd1 Qe7 25. Ne2 Nd3 26. Qa6 c5 27. Nc1 Nxc1 28.
Rxc1 Bd4 29. Re1 Qe5 30. Qc6 Qxg3 31. Qd5+ Rf7 32. Re2 Qf4 33. Qa8+ Kg7 34. Ra2 h6 35. Ra7 Qxf2+ 0-1

[Event "*** Titled Tuesday Blitz"]
[Site "Chess.com"]
[Date "2021.03.30"]
[Round "3"]
[White "Treacherous_horse64"]
[Black "CraiggoryC"]
[Result "0-1"]
[WhiteElo "2447"]
[BlackElo "2266"]
[TimeControl "180+1"]
[EndTime "10:26:04 PDT"]
[Termination "CraiggoryC won by resignation"]

1. e4 e6 2. d3 d5 3. Nd2 Nf6 4. Ngf3 Bc5 5. e5 Nfd7 6. d4 Be7 7. c3 c5 8. Bd3 Nc6 9. O-O a5 10. Re1 cxd4 11. cxd4 Qb6 12. Qa4 g5 13. Nb3 g4 14.
Nfd2 Nb4 15. Qb5 a4 16. Qxb6 Nxb6 17. Bb5+ Bd7 18. Bxd7+ Nxd7 19. Rb1 axb3 20. axb3 Nc2 21. Rd1 Nxd4 22. Nf1 Ne2+ 23. Kh1 Nxc1 24. Rbxc1 Nxe5 25. Re1 Nd3 26. Ra1 Kd7 27. Kg1 Nxe1 28. Rxe1 Ra2 29. Rb1 Rc8 30. Ne3 f5 31. g3 Bg5 32. Nd1 Rc1 33. Rxc1 Bxc1 34. Nc3 Rxb2 0-1

[Event "*** Titled Tuesday Blitz"]
[Site "Chess.com"]
[Date "2021.03.30"]
[Round "3"]
[White "Vaathi_Coming"]
[Black "TeukkaSalama"]
[Result "1-0"]
[WhiteElo "2800"]
[BlackElo "2354"]
[TimeControl "180+1"]
[EndTime "10:26:05 PDT"]
[Termination "Vaathi_Coming won on time"]

1. Nf3 d5 2. d4 Nf6 3. Bf4 c5 4. e3 e6 5. c3 Bd6 6. Bg3 O-O 7.
Nbd2 b6 8. Bd3 Ba6 9. Bxa6 Nxa6 10. Qe2 Nb8 11. e4 dxe4 12. Nxe4 Nxe4 13. Qxe4 Na6 14. O-O-O Qe7 15. Bxd6 Qxd6 16. Ng5 g6 17. h4 Rad8 18. h5 cxd4 19. hxg6 fxg6 20. Rxh7 Qf4+ 21. Qxf4 Rxf4 22.
Rdh1 d3 23. Nxe6 d2+ 24. Kd1 1-0

[Event "*** Titled Tuesday Blitz"]
[Site "Chess.com"]
[Date "2021.03.30"]
[Round "3"]
[White "Sofiia_Hryzlova"]
[Black "MasterKroket"]
[Result "1-0"]
[WhiteElo "2323"]
[BlackElo "2513"]
[TimeControl "180+1"]
[EndTime "10:26:07 PDT"]
[Termination "Sofiia_Hryzlova won by resignation"]

1. c4 e6 2. Nc3 Nf6 3. e4 d5 4.
cxd5 exd5 5. e5 d4 6. exf6 dxc3 7.
dxc3 Qxf6 8. Nf3 Bc5 9. Qe2+ Qe6 10. Qxe6+ Bxe6 11. Bf4 Bb6 12. Ng5 Bd5 13. O-O-O Bxa2 14. Bb5+ c6 15. Rhe1+ Be6 16. Nxe6 fxe6 17. Rxe6+ Kf8 18. Bc4 Na6 19. Rd7 Bc5 20. Rxb7 1-0

[Event "*** Titled Tuesday Blitz"]
[Site "Chess.com"]
[Date "2021.03.30"]
[Round "3"]
[White "Federtiu"]
[Black "Zhigalko_Sergei"]
[Result "0-1"]
[WhiteElo "2636"]
[BlackElo "2890"]
[TimeControl "180+1"]
[EndTime "10:26:08 PDT"]
[Termination "Zhigalko_Sergei won by resignation"]

1. e4 c5 2. Nc3 Nc6 3. Bb5 Nd4 4. Bc4 e6 5. Nge2 Nf6 6. O-O a6 7. a4 Qc7 8. d3 Be7 9. Nxd4 cxd4 10. Ne2 Nxe4 11.
Nxd4 Nf6 12. Bb3 b6 13. Qe2 Bb7 14. Kh1 O-O 15. Bg5 h6 16. Bd2 Bc5 17. Nf3 Ng4 18.
g3 Qc6 0-1

[Event "*** Titled Tuesday Blitz"]
[Site "Chess.com"]
[Date "2021.03.30"]
[Round "3"]
[White "BeyondMadness"]
[Black "Lenyas66"]
[Result "0-1"]
[WhiteElo "2297"]
[BlackElo "2533"]
[TimeControl "180+1"]
[EndTime "10:26:08 PDT"]
[Termination "Lenyas66 won by resignation"]

1. d4 e6 2. e4 d5 3. e5 c5 4. c3 Nc6 5. Nf3 Qb6 6. a3 c4 7. h4 Bd7 8. g3 f6 9. exf6 Nxf6 10. Bh3 Bd6 11. O-O O-O 12. Ng5 Rae8 13. Re1 Nd8 14. Nd2 h6 15. Ngf3 Nc6 16. Qc2 e5 17. Bxd7 Nxd7 18. Qg6 Nf6 19. dxe5 Bxe5 20. Nxe5 Nxe5 21. Re3 Nd3 22. Rxd3 cxd3 23. Qxd3 Ng4 24. Qxd5+ Kh8 0-1

[Event "*** Titled Tuesday Blitz"]
[Site "Chess.com"]
[Date "2021.03.30"]
[Round "3"]
[White "ExtremeLearner"]
[Black "Andrii_Prydun"]
[Result "0-1"]
[WhiteElo "2399"]
[BlackElo "2260"]
[TimeControl "180+1"]
[EndTime "10:26:18 PDT"]
[Termination "Andrii_Prydun won by checkmate"]

1. d4 d5 2. Bf4 c5 3. e3 Nc6 4. c3 f6 5. Nd2 e5 6. dxe5 fxe5 7.
Bg3 Nf6 8. Bb5 Bd6 9. Ne2 O-O 10. e4 a6 11. Ba4 Be6 12. O-O d4 13. Bxc6 bxc6 14. Qa4 Qd7 15. Rfd1 Nh5 16. Nc4 Nxg3 17. hxg3 Bc7 18. Nc1 Qf7 19. Nd2 Qxf2+ 20. Kh2 Rf6 21. Nf3 Rh6+ 22. Nh4 Bd8 23. Nd3 Qe3 24. Qxc6 Bxh4 25.
Qxa8+ Bd8# 0-1

[Event "*** Titled Tuesday Blitz"]
[Site "Chess.com"]
[Date "2021.03.30"]
[Round "3"]
[White "WonderChampion"]
[Black "losersgame"]
[Result "0-1"]
[WhiteElo "2092"]
[BlackElo "2327"]
[TimeControl "180+1"]
[EndTime "10:26:18 PDT"]
[Termination "losersgame won by resignation"]

1. d4 Nf6 2. Bg5 d5 3. Nd2 g6 4. Ngf3 Bg7 5. e3 O-O 6. Bd3 Bf5 7. Bxf5 gxf5 8. O-O Ne4 9. Nxe4 fxe4 10. Nd2 c5 11. c3 Nc6 12. Qh5 cxd4 13. exd4 Qd6 14. Rfe1 Qg6 15. Qxg6 hxg6 16. Re3 f6 17. Bf4 g5 18.
Bg3 f5 19. f4 Nxd4 20. cxd4 Bxd4 21. Re1 e5 22. Kf1 exf4 23. R3e2 fxg3 24. hxg3 Bb6 25.
b3 Rac8 26. Nb1 d4 27. Rd2 d3 28. b4 f4 29. g4 f3 30. gxf3 Rxf3+ 31. Kg2 Be3 32.
Rb2 Rc2+ 33. Rxc2 dxc2 0-1

[Event "*** Titled Tuesday Blitz"]
[Site "Chess.com"]
[Date "2021.03.30"]
[Round "3"]
[White "LileKoridze"]
[Black "VladaSviridova"]
[Result "1-0"]
[WhiteElo "2504"]
[BlackElo "2243"]
[TimeControl "180+1"]
[EndTime "10:26:20 PDT"]
[Termination "LileKoridze won on time"]

1. d4 d5 2. c4 c6 3. Nf3 Nf6 4.
Nc3 dxc4 5. a4 Bf5 6. e3 e6 7. Bxc4 Bb4 8. O-O O-O 9. Qe2 Nbd7 10. e4 Bg6 11. Bg5 Qa5 12. e5 Nd5 13. Ne4 h6 14.
Bh4 N7b6 15. Bd3 Nf4 16. Qe3 Nxd3 17. Qxd3 Qd5 18. Nf6+ gxf6 19. Qe3 Kh7 20. Bxf6 Nd7 21. Ng5+ Kg8 22. Ne4 Kh7 23. f3 Rfe8 24. Qf4 Be7 25. Qh4 Bxf6 26. exf6 1-0

[Event "*** Titled Tuesday Blitz"]
[Site "Chess.com"]
[Date "2021.03.30"]
[Round "3"]
[White "S-Fazulyanov"]
[Black "CrushingKings"]
[Result "0-1"]
[WhiteElo "2682"]
[BlackElo "2463"]
[TimeControl "180+1"]
[EndTime "10:26:22 PDT"]
[Termination "CrushingKings won by resignation"]

1. e4 c5 2. Nf3 e6 3. d4 cxd4 4. Nxd4 Nc6 5. Nb5 d6 6. c4 Nf6 7. f3 a6 8. N5c3 Be7 9. Bf4 O-O 10. Na3 b6 11. Qd2 Qc7 12. Be2 Bb7 13. O-O Rfd8 14. Rfd1 Rac8 15. Rab1 Ne5 16. Bf1 Kh8 17. Be3 Rg8 18.
Qf2 Ned7 19. Rdc1 Bd8 20. b4 Qb8 21. Nc2 Bc7 22. Qh4 Bd8 23. Qh3 g5 24. Be2 Ne5 25. Bd4 Nxc4 26. Bxc4 Rxc4 27. Qh6 e5 28. Be3 Rxc3 29.
Bxg5 Ng4 30. fxg4 Bxg5 31. Qh5 Bxe4 32. Rf1 Bxc2 33. Rxf7 0-1

[Event "*** Titled Tuesday Blitz"]
[Site "Chess.com"]
[Date "2021.03.30"]
[Round "3"]
[White "Politov_Pavel"]
[Black "SirStrateg"]
[Result "0-1"]
[WhiteElo "2385"]
[BlackElo "2570"]
[TimeControl "180+1"]
[EndTime "10:26:22 PDT"]
[Termination "SirStrateg won by checkmate"]

1. d4 Nf6 2. Nf3 e6 3. Bg5 h6 4. Bh4 Nc6 5. Nbd2 g5 6. Bg3 Nh5 7. c3 Bg7 8. e4 d5 9. Bd3 Nxg3 10. hxg3 g4 11. Nh4 dxe4 12. Qxg4 Bxd4 13. Bxe4 Bxf2+ 14. Kf1 Qxd2 15. Rd1 Qg5 16. Bxc6+ bxc6 17. Qe4 Bxg3 18.
Qxc6+ Ke7 19. Nf3 Qe3 20. Rd2 Rd8 21. Rh3 Rxd2 22. Rxg3 Qf2# 0-1

[Event "*** Titled Tuesday Blitz"]
[Site "Chess.com"]
[Date "2021.03.30"]
[Round "3"]
[White "english_player_89"]
[Black "BrianEscalante"]
[Result "0-1"]
[WhiteElo "2426"]
[BlackElo "2622"]
[TimeControl "180+1"]
[EndTime "10:26:25 PDT"]
[Termination "BrianEscalante won by resignation"]

1. e4 e6 2. d4 d5 3. exd5 exd5 4. Nf3 Nc6 5. Nc3 Bg4 6. Qe2+ Qe7 7. Be3 O-O-O 8. O-O-O Qb4 9. h3 Bh5 10. g4 Bg6 11. a3 Qa5 12. Qb5 Nf6 13. Qxa5 Nxa5 14.
Ne5 Bd6 15. f4 Be4 16. Nxe4 Bxe5 17. dxe5 Nxe4 18. Bg2 Nc4 19. Bd4 h5 20. g5 Ng3 21.
Rhe1 Nf5 22. Bxa7 b6 23. Bxd5 Nce3 24. Bc6 Rxd1+ 25. Rxd1 Nxd1 26. Kxd1 Ne7 27. Be4 Kd7 28. c4 Nc6 0-1

[Event "*** Titled Tuesday Blitz"]
[Site "Chess.com"]
[Date "2021.03.30"]
[Round "3"]
[White "youngKID"]
[Black "crazy_but_lazy"]
[Result "1-0"]
[WhiteElo "2742"]
[BlackElo "2459"]
[TimeControl "180+1"]
[EndTime "10:26:29 PDT"]
[Termination "youngKID won by resignation"]

1. e4 e6 2. d3 d5 3. Nd2 c5 4. g3 Bd6 5. Bg2 Ne7 6. Ngf3 Nbc6 7. O-O O-O 8. Re1 Bc7 9. c3 b5 10. e5 a5 11. h4 b4 12. Nf1 bxc3 13. bxc3 Ba6 14.
h5 a4 15. h6 g6 16. Bg5 Qd7 17.
N1h2 Bd8 18. Ng4 Nf5 19. Qd2 Rb8 20. Rab1 Be7 21. Bxe7 Qxe7 22. Nf6+ Kh8 23. g4 Nxe5 24. Nxe5 Qxf6 25. Nd7 1-0

[Event "*** Titled Tuesday Blitz"]
[Site "Chess.com"]
[Date "2021.03.30"]
[Round "3"]
[White "HrvojeZagreb"]
[Black "adricalderon8"]
[Result "0-1"]
[WhiteElo "2218"]
[BlackElo "2502"]
[TimeControl "180+1"]
[EndTime "10:26:32 PDT"]
[Termination "adricalderon8 won by resignation"]

1. d4 Nf6 2. Bf4 b6 3. Nc3 Bb7 4.
Qd3 d5 5. Qh3 Qd7 6. f3 c5 7.
O-O-O e6 8. e4 cxd4 9. Bb5 Nc6 10. Rxd4 Bc5 11. Rxd5 exd5 12. exd5 O-O-O 13. dxc6 Qxh3 14. cxb7+ Kxb7 15. Nxh3 h6 16. Bc4 Rd7 17. Be5 a6 18. Nf4 Re8 19. Bxf6 Be3+ 20. Kb1 Bxf4 21. Bxg7 Rg8 22.
Bf6 Rg6 23. Bh4 Rxg2 24. Bd5+ Ka7 25. Be4 b5 26. Re1 Rxh2 27. Nd5 Rxh4 0-1

[Event "*** Titled Tuesday Blitz"]
[Site "Chess.com"]
[Date "2021.03.30"]
[Round "3"]
[White "Nikolaj_6"]
[Black "BilodeauA"]
[Result "0-1"]
[WhiteElo "2646"]
[BlackElo "2915"]
[TimeControl "180+1"]
[EndTime "10:26:33 PDT"]
[Termination "BilodeauA won by resignation"]

1. e4 e5 2. Nf3 Nc6 3. Bb5 a6 4.
Ba4 d6 5. O-O Bd7 6. c3 Nge7 7. d4 Ng6 8. Bb3 Be7 9. Be3 O-O 10.
Nbd2 Bf6 11. g3 Kh8 12. h4 Nge7 13. Ng5 Bxg5 14. hxg5 f5 15. gxf6 Rxf6 16. Qh5 Qe8 17. Qxe8+ Rxe8 18. Kg2 Rff8 19. Rh1 h6 20. f4 exd4 21.
cxd4 d5 22. e5 Nf5 23. Bf2 Ncxd4 24. Bxd5 Bc6 25. Bxc6 Nxc6 26. Nf3 Rd8 27. Rad1 Nfe7 28. Nh4 Kg8 29. Bc5 b6 30. Ba3 Rfe8 31. Kf3 Nd4+ 32. Ke4 c5 33. b3 Nd5 34. Bb2 Nf6+ 35. Ke3 Ng4+ 36. Ke4 Nf2+ 37. Ke3 Nxd1+ 38. Rxd1 Nf5+ 0-1

[Event "*** Titled Tuesday Blitz"]
[Site "Chess.com"]
[Date "2021.03.30"]
[Round "3"]
[White "kingofthenil"]
[Black "MartinHollan"]
[Result "1-0"]
[WhiteElo "2752"]
[BlackElo "2422"]
[TimeControl "180+1"]
[EndTime "10:26:37 PDT"]
[Termination "kingofthenil won by checkmate"]

1. e4 c5 2. d3 Nc6 3. g3 g6 4.
Bg2 Bg7 5. f4 d6 6. Nf3 e6 7. O-O Nge7 8. c3 O-O 9. Be3 b6 10. d4 cxd4 11. cxd4 d5 12. e5 Nf5 13. Bf2 h5 14. Nc3 Ba6 15. Re1 Rc8 16. h3 Nh6 17.
Rc1 Nb4 18. Qa4 Qe7 19. a3 Nd3 20. Qxa6 Nxe1 21. Rxe1 Rc4 22. Bf1 Rcc8 23. Bd3 Qd7 24. Kg2 Rfe8 25. Bb5 Qd8 26. Bxe8 Qxe8 27. Qxa7 Nf5 28.
Re2 b5 29. Qa6 Rb8 30. Rc2 Bf8 31. Nd1 b4 32. axb4 Bxb4 33. Ne3 Ne7 34. g4 Ra8 35. Qb6 Rb8 36. Qa6 Ra8 37. Qd3 Ra1 38. gxh5 gxh5 39. f5 exf5 40. Nxf5 Ng6 41. Be3 Qa4 42. Rc8+ Kh7 43.
Ng5# 1-0

[Event "*** Titled Tuesday Blitz"]
[Site "Chess.com"]
[Date "2021.03.30"]
[Round "3"]
[White "manmanlai1"]
[Black "slavenok"]
[Result "0-1"]
[WhiteElo "2459"]
[BlackElo "2742"]
[TimeControl "180+1"]
[EndTime "10:26:38 PDT"]
[Termination "slavenok won on time"]

1. d4 d5 2. c4 e6 3. Nc3 Nf6 4.
cxd5 Nxd5 5. Nf3 Nxc3 6. bxc3 c5 7. e3 cxd4 8. cxd4 Bb4+ 9. Bd2 Bxd2+ 10. Qxd2 O-O 11. Be2 b6 12. O-O Bb7 13. Ne5 Nd7 14. Bf3 Bxf3 15. Nxf3 Rc8 16. Rac1 Qe7 17. Qd3 Nf6 18. h3 h6 19. Ne5 Nd5 20. a3 Qb7 21. Rc4 Rxc4 22. Nxc4 Qa6 23. Qb3 Rc8 24. Nd6 Rc3 25. Qb1 Qxa3 26. Nb5 Qa5 27. Nxc3 Nxc3 28. Qd3 b5 29. e4 b4 30. Rc1 Qa3 31. Re1 Qa5 0-1

[Event "*** Titled Tuesday Blitz"]
[Site "Chess.com"]
[Date "2021.03.30"]
[Round "3"]
[White "valeriocarnicelli"]
[Black "Tenamu"]
[Result "0-1"]
[WhiteElo "2562"]
[BlackElo "2411"]
[TimeControl "180+1"]
[EndTime "10:26:40 PDT"]
[Termination "Tenamu won by resignation"]

1. b3 b6 2. Bb2 Bb7 3. c4 e6 4. d4 f5 5. Nf3 Nf6 6. Nc3 Bb4 7.
e3 O-O 8. a3 Bxc3+ 9. Bxc3 d6 10.
Be2 Nbd7 11. O-O Ne4 12. Bb2 Rf6 13. d5 Rh6 14. dxe6 Ndc5 15. h3 Nxe6 16. Nd4 Nxd4 17. Qxd4 Qg5 18. Bf3 c5 19. Qd1 Rxh3 20. Bc1 Re8 21.
Bxe4 Bxe4 22. f3 Qh4 23. gxh3 Qg3+ 24. Kh1 Qxh3+ 25. Kg1 Qg3+ 26. Kh1 Re6 0-1

[Event "*** Titled Tuesday Blitz"]
[Site "Chess.com"]
[Date "2021.03.30"]
[Round "3"]
[White "chessmause"]
[Black "Mikhal867"]
[Result "0-1"]
[WhiteElo "2225"]
[BlackElo "2416"]
[TimeControl "180+1"]
[EndTime "10:26:42 PDT"]
[Termination "Mikhal867 won by resignation"]

1. e4 g6 2. g3 Bg7 3. Bg2 c5 4.
f4 Nc6 5. Nf3 d6 6. O-O e5 7. d3 Nge7 8. Nc3 h6 9. Kh1 O-O 10.
f5 gxf5 11. Nh4 fxe4 12. Bxe4 f5 13. Bg2 d5 14. Qh5 Rf6 15. Bd2 d4 16. Nb5 Be6 17.
Rae1 Bf7 18. Qd1 a6 19. Na3 b5 20. b3 Bd5 21. Qh5 Bxg2+ 22. Kxg2 Qd5+ 23. Kg1 Qf7 24. Qf3 Rf8 25. Rf2 e4 26. Qg2 e3 27. Bxe3 dxe3 28.
Rxe3 Nd5 29. Ref3 Nd4 0-1